AoeStats
← MK

QS Arena

503173077Analyzed
4v4 RM · 1mo ago on Aug 30, 2026· 89m 7s· 8 players
Game mode
Random Map
Map size
Large (8 player)
Population
200
Speed
Normal
Resources
Standard
Victory
Conquest
Starting age
Dark Age
Ending age
Imperial Age
RankedLock teamsTeams togetherTeam positionsShared explorationLock speedFull tech treeHidden civsTurbo modeCheats
Victory
Defeat
🇹🇼 Teutons · Taiwan
1011
+15
🇺🇸 Bohemians · United States
1001
+15
🇧🇷 Khmer · Brazil
1001
+15
🇹🇼 Persians · Taiwan
944
+18
🇨🇭 Portuguese · Switzerland
1039
-18
🇹🇷 Turks · Türkiye
1014
-17
🇹🇷 Persians · Türkiye
990
-16
🇩🇪 Armenians · Germany
876
-11
berkernirvana
0:33 Loom
9:34 Feudal Age
10:00 Double-Bit Axe
9:58 Horse Collar
16:41 Gold Mining
16:42 Stone Mining
21:14 Castle Age
20:11 Bloodlines
22:52 Gold Shaft Mining
22:57 Stone Shaft Mining
22:35 Bow Saw
22:30 Heavy Plow
24:39 Scale Barding Armor
24:45 Forging
27:28 Wheelbarrow
29:44 Chain Barding Armor
30:00 Iron Casting
29:59 Husbandry
33:55 Imperial Age
32:08 Caravan
33:53 Hand Cart
33:24 Town Watch
35:43 Crop Rotation
36:20 Two-Man Saw
36:36 Conscription
35:38 Elite War Elephant
38:08 Plate Barding Armor
38:34 Blast Furnace
50:12 Fletching
50:52 Bodkin Arrow
51:33 Cavalier
59:00 Coinage
58:46 Guilds
59:58 Banking
62:01 Banking
Repl4y
4:37 Loom
6:45 Feudal Age
18:19 Castle Age
16:44 Double-Bit Axe
16:40 Horse Collar
17:55 Gold Mining
19:01 Wheelbarrow
25:16 Imperial Age
22:42 Stone Mining
23:06 Bow Saw
22:56 Heavy Plow
23:59 Stone Shaft Mining
26:24 Town Watch
28:10 Chemistry
27:22 Fortified Wall
27:41 Ballistics
28:30 Treadmill Crane
29:00 Masonry
30:57 Bombard Tower
30:33 Fletching
30:43 Padded Archer Armor
31:55 Fervor
33:13 Conscription
33:04 Arquebus
33:58 Murder Holes
34:33 Architecture
36:51 Siege Engineers
37:59 Bodkin Arrow
45:29 Elite Organ Gun
54:07 Elite Organ Gun
55:13 Guilds
63:58 Pikeman
64:45 Scale Mail Armor
64:48 Bracer
64:58 Forging
65:18 Halberdier
70:13 Chain Mail Armor
lnvis
2:06 Loom
8:33 Feudal Age
13:31 Castle Age
12:18 Horse Collar
12:47 Man-at-Arms
13:32 Scale Mail Armor
13:36 Double-Bit Axe
13:25 Long Swordsman
17:32 Two-Handed Swordsman
18:17 Gambesons
18:48 Forging
19:10 Squires
21:22 Wheelbarrow
20:49 Arson
26:15 Heavy Plow
32:02 Imperial Age
31:44 Champion
32:43 Chain Mail Armor
33:04 Iron Casting
33:33 Fereters
33:48 Conscription
34:02 Plate Mail Armor
36:56 Gold Mining
37:16 Bow Saw
38:11 Blast Furnace
38:40 Hand Cart
43:47 Gold Shaft Mining
50:58 Fortified Wall
72:11 Fletching
73:36 Chemistry
73:11 Pikeman
75:28 Bodkin Arrow
75:06 Halberdier
77:24 Bracer
MK
9:57 Feudal Age
10:53 Double-Bit Axe
15:12 Castle Age
13:22 Horse Collar
13:39 Gold Mining
15:17 Loom
17:18 Bow Saw
17:12 Heavy Plow
20:16 Padded Archer Armor
nezbez
1:17 Loom
9:46 Feudal Age
13:42 Castle Age
11:29 Double-Bit Axe
11:43 Horse Collar
12:58 Fletching
14:34 Bow Saw
15:05 Wheelbarrow
15:43 Bodkin Arrow
16:51 Heavy Plow
19:32 Elite Skirmisher
21:56 Hand Cart
22:38 Town Watch
23:52 Town Patrol
27:51 Imperial Age
27:03 Ballistics
27:43 Chemistry
27:06 Padded Archer Armor
31:09 Houfnice
32:14 Leather Archer Armor
35:24 Caravan
39:18 Elite Hussite Wagon
43:46 Pikeman
44:27 Squires
44:13 Arson
44:38 Halberdier
45:21 Scale Mail Armor
45:32 Forging
46:41 Conscription
48:16 Chain Mail Armor
48:37 Iron Casting
51:13 Plate Mail Armor
53:53 Bracer
73:12 Blast Furnace
72:43 Ring Archer Armor
jp.manhaes94
10:02 Feudal Age
13:23 Castle Age
11:09 Double-Bit Axe
11:43 Horse Collar
17:30 Bow Saw
21:22 Heavy Plow
22:10 Wheelbarrow
23:29 Hand Cart
27:05 Imperial Age
24:17 Light Cavalry
25:11 Husbandry
25:37 Loom
25:37 Town Watch
26:30 Gold Mining
26:50 Town Patrol
28:16 Bloodlines
27:29 Hussar
28:53 Crop Rotation
31:24 Chemistry
30:35 Scale Barding Armor
30:43 Forging
31:53 Chain Barding Armor
33:38 Iron Casting
32:29 Cavalier
36:27 Gold Shaft Mining
36:31 Plate Barding Armor
36:57 Blast Furnace
40:37 Scale Mail Armor
44:17 Fortified Wall
44:14 Siege Engineers
46:27 Capped Ram
46:31 Heavy Scorpion
47:48 Ballistics
47:40 Masonry
48:00 Siege Ram
51:08 Architecture
52:36 Double Crossbow
52:57 Conscription
62:51 Caravan
Kuro
8:44 Feudal Age
9:59 Double-Bit Axe
15:09 Castle Age
13:41 Scale Mail Armor
13:31 Horse Collar
14:10 Gold Mining
13:56 Man-at-Arms
15:22 Forging
15:31 Long Swordsman
15:58 Gambesons
16:55 Bow Saw
17:25 Squires
17:30 Town Watch
17:31 Loom
19:14 Heavy Plow
21:15 Pikeman
29:21 Stone Mining
31:51 Wheelbarrow
33:03 Caravan
34:21 Iron Casting
33:52 Scale Barding Armor
37:34 Imperial Age
35:45 Hand Cart
38:00 Arson
38:36 Chain Mail Armor
38:12 Fletching
39:27 Blast Furnace
38:53 Conscription
39:21 Halberdier
40:42 Plate Mail Armor
43:30 Fletching
45:05 Two-Man Saw
44:37 Crop Rotation
45:37 Capped Ram
51:01 Town Patrol
52:21 Chemistry
51:41 Ballistics
51:51 Two-Handed Swordsman
53:32 Champion
58:28 Ironclad
58:30 Crenellations
57:31 Elite Teutonic Knight
59:20 Bodkin Arrow
59:25 Padded Archer Armor
59:48 Chain Barding Armor
60:55 Cavalier
61:47 Bloodlines
65:24 Paladin
Delta
7:24 Loom
9:09 Feudal Age
18:07 Wheelbarrow
19:12 Double-Bit Axe
19:17 Horse Collar
25:23 Castle Age
24:16 Stone Mining
24:21 Gold Mining
25:09 Scale Barding Armor
25:15 Forging
29:49 Chain Barding Armor
30:05 Iron Casting
31:15 Bloodlines
33:19 Heavy Plow
33:39 Husbandry
35:47 Hand Cart
35:26 Town Watch
35:37 Light Cavalry
35:46 Light Cavalry
41:08 Imperial Age
39:03 Padded Archer Armor
38:54 Fletching
40:52 Thumb Ring
40:10 Crossbowman
41:07 Kamandaran
41:41 Leather Archer Armor
41:22 Bodkin Arrow
41:45 Leather Archer Armor
42:39 Conscription
46:02 Ring Archer Armor
46:17 Plate Barding Armor
49:07 Caravan
51:01 Hussar
51:28 Sappers
52:35 Hoardings
52:29 Bow Saw
52:54 Crop Rotation
53:37 Chemistry
52:57 Ballistics
54:38 Masonry
54:27 Murder Holes
55:46 Blast Furnace
64:15 Ring Archer Armor
65:50 Two-Man Saw
72:03 Cavalier
75:52 Architecture
75:30 Town Patrol
74:56 Pikeman
75:40 Squires
83:08 Savar
Connection lost

Rejoining the realm…

Still unreachable

The connection could not be restored.

Session expired

The server has moved on; the page needs a fresh start.